 Dungeon Crawl Stone Soup version 0.28.0-45-g0d030f2227 (webtiles) character file.

Game seed: 5649783382578926311

826 pkoi the Conjurer (level 7, -2/50 HPs)
             Began as a Demigod Conjurer on Apr 18, 2022.
             Shot with an arrow by a centaur (11 damage)
             ... on level 6 of the Dungeon.
             The game lasted 00:06:03 (6571 turns).

pkoi the Conjurer (Demigod Conjurer)                Turns: 6571, Time: 00:06:04

Health: -2/50      AC:  4    Str: 10    XL:     7   Next: 37%
Magic:  5/14       EV: 12    Int: 24    God:
Gold:   198        SH:  5    Dex: 14    Spells: 1/12 levels left

rFire   + + +      SeeInvis .   r - +1 rapier (venom)
rCold   + . .      Faith    .   (no shield)
rNeg    . . .      Spirit   .   a - +0 robe
rPois   +          Reflect  +   i - +0 helmet
rElec   +          Harm     .   g - scarf {rC+ rF+}
rCorr   .          Rampage  .   (no gloves)
Will    +....                   c - +0 pair of boots
Stlth   ++........              j - amulet of reflection
HPRegen 0.16/turn               n - ring "Dauheuhe" {Fly rF++ Will+ Int-4 Dex+2}
MPRegen 0.14/turn               q - ring of protection from fire

@: flying
A: high MP 1, forlorn, divine attributes, hooves 1, poison resistance,
electricity resistance, strong 1
a: no special abilities


You were on level 6 of the Dungeon.
You visited 1 branch of the dungeon, and saw 6 of its levels.

You collected 198 gold pieces.

Inventory:

Hand Weapons
 b - a +0 short sword
 r - a +1 rapier of venom (weapon)
Armour
 a - a +0 robe (worn)
 c - a +0 pair of boots (worn)
 g - a scarf of resistance (worn)
 i - a +0 helmet (worn)
Magical Staves
 t - a staff of cold
Jewellery
 j - an amulet of reflection (around neck)
 n - the ring "Dauheuhe" (left hand) {Fly rF++ Will+ Int-4 Dex+2}
   (You found it on level 4 of the Dungeon)

   [ring of flight]

   Int:       It affects your intelligence (-4).
   Dex:       It affects your dexterity (+2).
   rF:        It greatly protects you from fire.
   Fly:       It grants you flight.
   Will:      It increases your willpower.
 q - a ring of protection from fire (right hand)
Scrolls
 d - 2 scrolls of enchant weapon {unknown}
 e - 3 scrolls of identify
 f - 2 scrolls of teleportation
 k - 3 scrolls of enchant armour {unknown}
 o - a scroll of vulnerability {unknown}
 u - a scroll of fear {unknown}
 v - a scroll of noise {unknown}
 w - a scroll of blinking {unknown}
Potions
 h - a potion of berserk rage
 l - a potion of lignification {unknown}
 m - a potion of resistance {unknown}
 p - 3 potions of curing {unknown}
 s - a potion of cancellation {unknown}


   Skills:
 - Level 1.7 Dodging
 - Level 1.7 Stealth
 - Level 3.0 Spellcasting
 + Level 6.3 Conjurations
 * Level 2.8 Hexes
 * Level 4.1 Translocations


You had one spell level left.
You knew the following spells:

 Your Spells              Type           Power      Damage    Failure   Level
a - Magic Dart            Conj           100%       1d8       1%          1
b - Searing Ray           Conj           66%        2d6       1%          2
c - Iskenderun's Mystic   Conj/Tloc      28%        2d7       13%         4
d - Fulminant Prism       Conj/Hex       12%        3d9       17%         4

Your spell library contained the following spells:

 Spells                   Type           Power      Damage    Failure   Level
 Shock                    Conj/Air       72%        1d7       3%          1
 Dazzling Flash           Conj/Hex       50%        N/A       4%          3
 Gell's Gravitas          Tloc           23%        N/A       6%          3
 Lesser Beckoning         Tloc           23%        N/A       6%          3
 Teleport Other           Tloc           23%        N/A       6%          3
 Ensorcelled Hibernation  Hex/Ice        20%        N/A       10%         2
 Inner Flame              Hex/Fire       10%        N/A       19%         3
 Spider Form              Tmut/Pois      3%         N/A       32%         3
 Swiftness                Air            3%         N/A       32%         3
 Cause Fear               Hex            8%         N/A       34%         4
 Anguish                  Hex/Necr       5%         N/A       52%         4
 Airstrike                Air            1%         N/A       71%         4
 Discord                  Hex            8%         N/A       100%        8


Dungeon Overview and Level Annotations

Branches:
Dungeon (6/15)
 Temple: D:4-7

Shops:
D:3 :[(   D:5 (


Innate Abilities, Weirdness & Mutations

You have an increased reservoir of magic. (+10% MP)
You shall have no god before yourself.
Your divine heritage dramatically boosts your attributes as you level up.
You have large cloven feet.
Your system is resistant to poisons. (rPois)
You are resistant to electric shocks. (rElec)
Your muscles are strong. (Str +2)


Message History

You finish channelling your searing ray.
The hound bites you but does no damage. x2
Casting: Searing Ray (safe; 1% risk of failure)
Confirm with . or Enter, or press ? or * to list all spells.
Aiming: Searing Ray (safe; 1% risk of failure)
Press: ? - help, Shift-Dir - straight line, f/p - hound
Aim: a hound (almost dead, 73% to hit)
The searing ray hits the hound!
You kill the hound! (Press . to maintain the ray.) Unknown command.
You see here a hound corpse.
Found a glowing falchion.
Found a stone staircase leading down.
Found a scroll labelled KODUGE PIGEL.
A centaur comes into view.
The centaur shouts!
The centaur wields a +0 shortbow.
The centaur shoots an arrow.
The arrow barely misses you.
You see here a book of Hexes.
The centaur shoots an arrow.
You reflect the arrow off an invisible shield around you!
The arrow hits the centaur!
The centaur shoots an arrow.
The arrow hits you!
* * * LOW HITPOINT WARNING * * *
You see here a book of Hexes.
You pick up a book of Hexes and begin reading...
You add the spells Inner Flame, Cause Fear and Discord to your library.
The centaur shoots an arrow.
The arrow hits you!
* * * LOW HITPOINT WARNING * * *
The centaur shoots an arrow.
You reflect the arrow off an invisible shield around you!
The arrow hits the centaur.
The centaur shoots an arrow.
The arrow closely misses you.
The centaur shoots an arrow.
The arrow hits you!
* * * LOW HITPOINT WARNING * * *
The centaur shoots an arrow.
The arrow hits you!
* * * LOW HITPOINT WARNING * * *
The centaur shoots an arrow.
The arrow barely misses you.
The centaur shoots an arrow.
The arrow hits you!
You die...

..... .... .. ...
#####..## ..#
##.>.....# . ..
##.)....... ... #.
#...c......
.....#.#####..........
.......<@.............
....##...?............
. #...#...............
...#.................
..# ##.............#..
. ..................
.#.##..........?#..
... #.............. ..
#..............


You could see a centaur.

Vanquished Creatures
  A necrophage (D:6)
  2 ogres (D:5)
  A centaur (D:5)
  A phantom (D:5)
  2 orc priests (D:5)
  A hound (D:6)
  2 iguanas (D:5)
  A killer bee zombie (D:4)
  A hound skeleton (D:4)
  A howler monkey skeleton (D:5)
  7 gnolls
  9 adders
  A worm (D:2)
  2 dart slugs
  7 orcs
  10 ball pythons
  8 endoplasms
  2 giant cockroaches
  3 goblins
  5 hobgoblins
  4 jackals (D:1)
  6 kobolds
  A quokka (D:5)
  A bat (D:1)
  5 frilled lizards
  2 rats
86 creatures vanquished.

Notes
Turn   | Place    | Note
-------+----------+-------------------------------------------
     0 | D:1      | pkoi the Demigod Conjurer began the quest for the Orb.
     0 | D:1      | Reached XP level 1. HP: 14/14 MP: 5/5
   484 | D:1      | Reached XP level 2. HP: 20/20 MP: 5/7
   541 | D:1      | Reached skill level 4 in Conjurations
  1404 | D:1      | Reached XP level 3. HP: 26/26 MP: 7/9
  2060 | D:2      | Learned a level 2 spell: Searing Ray
  2232 | D:2      | Reached XP level 4. HP: 33/33 MP: 7/10
  2636 | D:3      | Gained mutation: You have hidden genetic potential. [potion
                  | of mutation]
  2636 | D:3      | Gained mutation: Your system is resistant to poisons.
                  | (rPois) [potion of mutation]
  2636 | D:3      | Gained mutation: You are resistant to electric shocks.
                  | (rElec) [potion of mutation]
  2682 | D:3      | Found Ahyota Rekuxt's Armour Shoppe.
  2690 | D:3      | Found Gog Nulo's Weapon Boutique.
  2995 | D:3      | Found Dareinn's Distillery.
  3069 | D:3      | Found Cintut's Book Shop.
  3221 | D:3      | Reached skill level 5 in Conjurations
  3517 | D:3      | Learned a level 4 spell: Iskenderun's Mystic Blast
  3717 | D:4      | Reached skill level 1 in Translocations
  3717 | D:4      | Reached XP level 5. HP: 31/38 MP: 4/12
  3886 | D:4      | Noticed a +0 hand axe
  3889 | D:4      | Noticed a +0 dagger
  3950 | D:4      | Gained mutation: You have large cloven feet. [hidden
                  | potential]
  3983 | D:4      | Identified the ring "Dauheuhe" {Fly rF++ Will+ Int-4 Dex+2}
  4548 | D:5      | Entered Level 5 of the Dungeon
  5039 | D:5      | Noticed a centaur
  5046 | D:5      | Killed a centaur
  5047 | D:5      | Reached XP level 6. HP: 10/45 MP: 4/13
  5070 | D:4      | Gained mutation: Your muscles are strong. (Str +2) [hidden
                  | potential]
  5070 | D:4      | Lost mutation: You have hidden genetic potential. [hidden
                  | potential expressed]
  5328 | D:5      | Learned a level 4 spell: Fulminant Prism
  5575 | D:5      | Reached skill level 6 in Conjurations
  5575 | D:5      | Reached skill level 1 in Hexes
  5914 | D:5      | Reached XP level 7. HP: 25/50 MP: 6/14
  6233 | D:5      | Found Eqaelih's Antique Weapon Shop.
  6571 | D:6      | Shot with an arrow by a centaur

Illustrated notes

Levels and vault maps discovered:
D:1:      dpeg_arrival_pits, layout_basic, st_stairs_14, hex_tiny
D:2:      layout_rooms, basic_altar
D:3:      layout_loops_ring, lemuel_doored_altar,
          hellmonk_ecumenical_altar_heavens_door, serial_shops, shop,
          nicolae_shop_bloodbath_and_beyond, nicolae_shop_advertising_works
          [nicolae_subvault_shop_adworks], shop_statue,
          chequers_serial_rivers_room_b
D:4:      layout_gridville, dancing_weapons_uskayaw
D:5:      layout_basic, nicolae_ru_awakened_eye, serial_shops, shop,
          kennysheep_generic_room_11
D:6:      layout_rooms, mainiacjoe_overflow_alcove_2, elyvilon_altar_5,
          gup_sewer_entry_spiral

Skill      XL: |  1  2  3  4  5  6  7 |
---------------+----------------------+-----
Spellcasting   | 2 3 |  3.0
Conjurations   | 4 5 6 |  6.3
Translocations | 1 2 3 4 |  4.1
Hexes          | 2 |  2.8
Dodging        | |  1.7
Stealth        | |  1.7

Action                   |  1- 3 |  4- 6 |  7- 9 || total
-------------------------+-------+-------+-------++-------
Melee: Short sword       |    27 |       |       ||    27
       Rapier            |       |     3 |       ||     3
 Cast: Magic Dart        |    72 |    94 |    12 ||   178
       Searing Ray       |       |    13 |     4 ||    17
  Use: Scroll            |       |     4 |       ||     4
       Potion            |       |     3 |       ||     3
Armor: Robe              |     5 |    11 |     2 ||    18
Dodge: Dodged            |    35 |    23 |     6 ||    64
Block: Other             |       |     6 |     2 ||     8
       Reflection        |       |       |     2 ||     2
